 Dungeon Crawl Stone Soup version 0.24-a0-203-gf0bc1e94ae (webtiles) character file.

Game seed: 12105313672633931415

3224 Orphidia the Caller (level 9, -3/74 HPs)
             Began as a Demigod Summoner on Mar 27, 2019.
             Shot with an arrow by a centaur (7 damage)
             ... on level 10 of the Dungeon.
             The game lasted 00:20:22 (9845 turns).

Orphidia the Caller (Demigod Summoner)              Turns: 9845, Time: 00:20:22

Health: -3/74      AC:  5    Str: 11    XL:     9   Next: 39%
Magic:  16/21      EV: 17    Int: 25    God:
Gold:   498        SH:  0    Dex: 26    Spells: 7/20 levels left

rFire    . . .     SeeInvis .   e - +3 flail (holy)
rCold    . . .     Gourm    .   (no shield)
rNeg     . . .     Faith    .   a - +1 robe
rPois    .         Spirit   .   r - +0 helmet
rElec    .         Reflect  .   (no cloak)
rCorr    .         Harm     .   (no gloves)
MR       .....                  u - +0 pair of boots
Stlth    +++.......             (no amulet)
HPRegen  0.22/turn              i - +4 ring of dexterity
MPRegen  0.17/turn              k - +6 ring of dexterity

@: marked
A: high mp 1
a: no special abilities


You were on level 10 of the Dungeon.
You were not hungry.

You visited 1 branch of the dungeon, and saw 10 of its levels.

You collected 498 gold pieces.


Innate Abilities, Weirdness & Mutations

You have an increased reservoir of magic. (+10% MP)


   Skills:
 - Level 5.2 Fighting
 + Level 5.2 Dodging
 - Level 1.7 Stealth
 - Level 6.0 Spellcasting
 - Level 6.0 Summonings
 - Level 6.0 Evocations


You had 7 spell levels left.
You knew the following spells:

 Your Spells              Type           Power        Failure   Level  Hunger
A - Summon Ice Beast      Ice/Summ       ###.....     22%         4    ###....
B - Call Imp              Summ           #####...     1%          2    None
C - Call Canine Familiar  Summ           #####...     1%          3    None
D - Summon Lightning Spi  Summ/Air       ###.....     22%         4    ###....

Your spell library contained the following spells:

 Spells                   Type           Power        Failure   Level  Hunger
 Summon Small Mammal      Summ           ####         1%          1    None
 Summon Guardian Golem    Hex/Summ       ###.....     6%          3    None

Action                   |  1- 3 |  4- 6 |  7- 9 || total
-------------------------+-------+-------+-------++-------
Melee: Unarmed           |    29 |       |       ||    29
       Dagger            |    87 |    76 |       ||   163
       Flail             |       |    87 |   228 ||   315
 Cast: Summon Small Mamm |    12 |       |       ||    12
       Call Imp          |    23 |     5 |     1 ||    29
       Call Canine Famil |     6 |    10 |    12 ||    28
       Summon Ice Beast  |       |     1 |    35 ||    36
Evoke: Wand              |       |       |     4 ||     4
  Use: Scroll            |     5 |     9 |     3 ||    17
       Potion            |       |       |     3 ||     3
 Stab: Sleeping          |     4 |     7 |     4 ||    15
       Distracted        |       |     3 |     1 ||     4
       Paralysed         |       |       |    13 ||    13
  Eat: Chunk             |     7 |     5 |    13 ||    25
       Ration            |       |     1 |     3 ||     4
Armor: Robe              |    26 |    32 |    69 ||   127
       Scale mail        |       |       |     4 ||     4
Dodge: Dodged            |   113 |   124 |   232 ||   469

Inventory:

Hand Weapons
 e - a +3 flail of holy wrath (weapon)
Armour
 a - a +1 robe (worn)
 q - a +0 shield
 r - a +0 helmet (worn)
 u - a +0 pair of boots (worn)
 F - the +5 scale mail of Reason {rPois rF++ MR+ Str-4}
   (You found it on level 9 of the Dungeon)

   It affects your strength (-4).
   It greatly protects you from fire.
   It protects you from poison.
   It affects your resistance to hostile enchantments.
Magical Staves
 z - an uncursed staff of cold
Jewellery
 f - an uncursed ring of poison resistance
 i - a +4 ring of dexterity (left hand)
 k - a +6 ring of dexterity (right hand)
 n - a +3 ring of strength
 s - an uncursed ring of protection from magic
 t - an uncursed ring of resist corrosion
Wands
 o - a wand of acid (8)
 x - a wand of paralysis (2)
 B - a wand of digging (6)
Scrolls
 b - 2 scrolls of magic mapping
 d - 3 scrolls of amnesia
 j - 6 scrolls of remove curse
 w - 2 scrolls of teleportation
 y - a scroll of enchant weapon
 A - 2 scrolls of identify
 C - 2 scrolls of fog
 D - a scroll of enchant armour
Potions
 g - a potion of might
 h - a potion of ambrosia
 l - 2 potions of curing
 m - 3 potions of flight
 p - a potion of brilliance
 v - a potion of agility
 E - a potion of magic {unknown}
 G - a potion of haste {unknown}
Comestibles
 c - 7 rations

....................#
#.##
#####.........####..#
#.# #.........# #..#
#.# #[...YYY.#####..#
#.# #######'###.....#
#.# #.YYY# #.###.##
#.# #.#### #.# #..#
#.# ######ยง#### #.#
##.# #.# .....5.c.@h#
#.# #.# #.#
##########F#
#.####.###.# #h#
#.......##.# #l#
#######.##.## #5.
#...... ..## ##.#.##
#.# #.#.# ..# #.#.#
#.# #.#.#


You could see a bullfrog, a centaur, an iguana, 2 crimson imps, a jackal and a
friendly hound.

Vanquished Creatures
  A hippogriff (D:8)
  2 steam dragons
  A water moccasin (D:8)
  A sky beast (D:7)
  A necrophage (D:10)
  A phantom (D:10)
  A centaur (D:9)
  A bullfrog (D:6)
  7 wights
  A howler monkey (D:7)
  6 crimson imps
  A jelly (D:9)
  A bullfrog skeleton (D:9)
  An orc priest (D:7)
  A quasit (D:7)
  2 hounds
  6 worker ants
  A hound skeleton (D:4)
  5 adders
  3 gnolls
  2 howler monkey skeletons
  4 adder skeletons
  A worm (D:5)
  A dart slug (D:3)
  4 leopard geckos
  9 orcs
  5 bats
  8 giant cockroaches
  5 goblins
  3 hobgoblins
  3 jackals (D:7)
  4 kobolds
  8 quokkas
  A frilled lizard (D:3)
  A leopard gecko skeleton (D:4)
  A quokka skeleton (D:7)
  A quokka zombie (D:9)
  3 rats
108 creatures vanquished.

Vanquished Creatures (collateral kills)
  A hippogriff (D:7)
  A hungry ghost (D:10)
  3 sky beasts
  2 ice beasts
  4 ogres
  2 phantoms
  2 centaurs
  3 bullfrogs (D:6)
  A gnoll sergeant (D:9)
  2 wights (D:7)
  2 howler monkeys (D:9)
  5 jellies
  3 hounds
  6 orc wizards
  2 iguanas
  Terence (D:3)
  A worker ant (D:4)
  A killer bee zombie (D:5)
  A hound skeleton (D:4)
  7 adders
  A worm (D:4)
  2 dart slugs (D:1)
  9 orcs
  7 bats
  2 giant cockroaches
  3 goblins
  8 hobgoblins
  3 jackals
  3 kobolds
  2 quokkas
  2 ball pythons (D:1)
  3 frilled lizards (D:2)
  3 rats
98 creatures vanquished.

Grand Total: 206 creatures vanquished

Levels and vault maps discovered:
D:1:      lightli_arrival_flooded_house, layout_basic
D:2:      layout_basic
D:3:      layout_loops_ring, lemuel_round_altar, kennysheep_generic_room_11,
          uniq_terence
D:4:      layout_rooms, minmay_temple_entry_wispy
D:5:      kennysheep_big_flooded_room, layout_loops_ring, lemuel_round_altar,
          zin_statuary, first_ration, kennysheep_windowed_goal
D:6:      layout_cave_pools, grunt_qazlal_sundering, tso_metal_star,
          nicolae_overflow_crystal_walls, overflow_temple_1_default
D:7:      layout_basic, eat_drink_and_be_merry_uskayaw
D:8:      layout_loops_ring, lemuel_doored_altar, erik_lair_dragon, basic_altar,
          uniq_erica
D:9:      layout_rooms, kennysheep_mini_moat
D:10:     layout_basic, grunt_tengu_nest, minmay_misc_feat_nine_boxes,
          chequers_serial_rivers_room_a


Message History

The steam dragon is severely wounded.
The bullfrog closely misses you. The bullfrog misses you.
The helpless steam dragon fails to defend itself.
You hit the steam dragon but do no damage.
The steam dragon is severely wounded.
The bullfrog closely misses you. The bullfrog hits you.
* * * LOW HITPOINT WARNING * * *
The bullfrog barely misses you.
The helpless steam dragon fails to defend itself.
You sock the steam dragon!
You kill the steam dragon!
Your Dodging skill increases to level 5!
The centaur wields a +0 shortbow.
The centaur shoots an arrow.
The arrow hits you!!
* * * LOW HITPOINT WARNING * * *
Your hound bites the bullfrog.
The bullfrog hits you.
* * * LOW HITPOINT WARNING * * *
The crimson imp blinks!
Your hound closely misses the bullfrog.
The centaur shoots an arrow.
The arrow hits you!
You die...

Notes
Turn   | Place    | Note
-------+----------+-------------------------------------------
     0 | D:1      | Orphidia the Demigod Summoner began the quest for the Orb.
     0 | D:1      | Reached XP level 1. HP: 14/14 MP: 5/5
   290 | D:1      | Reached XP level 2. HP: 15/20 MP: 3/7
   294 | D:1      | Learned a level 2 spell: Call Imp
  1437 | D:2      | Reached XP level 3. HP: 16/26 MP: 5/9
  1696 | D:2      | Learned a level 3 spell: Call Canine Familiar
  2356 | D:3      | Reached XP level 4. HP: 33/33 MP: 11/11
  2418 | D:3      | Found a shattered altar of Ashenzari.
  2634 | D:3      | Noticed Terence
  2656 | D:3      | Killed Terence
  3343 | D:4      | Reached XP level 5. HP: 26/38 MP: 7/13
  3451 | D:4      | Reached skill level 5 in Summonings
  3748 | D:4      | Found a staircase to the Ecumenical Temple.
  3843 | D:5      | Entered Level 5 of the Dungeon
  3990 | D:5      | Noticed a phantom
  4009 | D:5      | Killed a phantom
  4009 | D:5      | Reached XP level 6. HP: 45/45 MP: 15/15
  4069 | D:5      | Found an iron altar of Okawaru.
  4308 | D:5      | Found a glowing silver altar of Zin.
  4380 | D:5      | Found Leurruf's Armour Shop.
  4585 | D:6      | Found a blossoming altar of Fedhas.
  4664 | D:6      | Found a radiant altar of Vehumet.
  4676 | D:6      | Learned a level 4 spell: Summon Ice Beast
  4681 | D:6      | Learned a level 4 spell: Summon Lightning Spire
  4722 | D:6      | Reached skill level 5 in Spellcasting
  4722 | D:6      | Reached XP level 7. HP: 14/50 MP: 6/18
  5102 | D:6      | Found a stormy altar of Qazlal.
  5130 | D:6      | Found a glowing golden altar of the Shining One.
  5285 | D:6      | Reached skill level 1 in Evocations
  5626 | D:7      | Found a hide-covered altar of Uskayaw.
  6198 | D:7      | Reached XP level 8. HP: 57/57 MP: 20/20
  6307 | D:7      | Reached skill level 5 in Evocations
  6393 | D:7      | Noticed a hippogriff
  6452 | D:7      | Killed a hippogriff
  6788 | D:7      | Reached skill level 1 in Fighting
  7098 | D:8      | HP: 3/62 [wight/cursed +4 mace (5)]
  7707 | D:8      | Noticed Erica
  7735 | D:8      | Found a shattered altar of Ashenzari.
  7737 | D:8      | Noticed a two-headed ogre
  8057 | D:8      | Found a sparkling altar of Nemelex Xobeh.
  8182 | D:8      | Noticed a hippogriff
  8193 | D:8      | Killed a hippogriff
  8477 | D:9      | Reached XP level 9. HP: 21/73 MP: 11/21
  8724 | D:9      | Reached skill level 5 in Fighting
  8963 | D:9      | Found a snail-covered altar of Cheibriados.
  9037 | D:9      | Got a faintly humming scale mail
  9048 | D:9      | Identified the +5 scale mail of Reason {rPois rF++ MR+
                  | Str-4} (You found it on level 9 of the Dungeon)
  9684 | D:10     | Entered Level 10 of the Dungeon
  9845 | D:10     | Reached skill level 5 in Dodging
  9845 | D:10     | Shot with an arrow by a centaur
